 Dungeon Crawl Stone Soup version 0.31-a0-986-g5e6e4ef867 (webtiles) character file.

Game seed: 2893381413478855980

56 Dittersdorf the Shield-Bearer (level 4, -3/35 HPs)
             Began as a Human Fighter on Nov 7, 2023.
             Killed by nerve-wracking pain
             ... invoked by Jessica
              (12 damage)
             ... on level 2 of the Dungeon.
             The game lasted 00:00:53 (969 turns).

Dittersdorf the Shield-Bearer (Human Fighter)        Turns: 969, Time: 00:00:53

Health: -3/35      AC:  8    Str: 19    XL:     4   Next: 17%
Magic:  4/4        EV:  9    Int:  8    God:
Gold:   93         SH:  4    Dex: 12    Spells: 3/3 levels left

rFire   . . .        a - +0 long sword
rCold   . . .        c - +0 buckler
rNeg    . . .        b - +0 scale mail
rPois   .            (no helmet)
rElec   .            (no cloak)
rCorr   .            f - +0 pair of gloves
SInv    .            (no boots)
Will    .....        (no amulet) Stlth
                     (no ring)
HPRegen 0.25/turn    (no ring)
MPRegen 0.09/turn

%: no passive effects
@: no status effects
A: no striking features
a: no special abilities


You were on level 2 of the Dungeon.
You visited 1 branch of the dungeon, and saw 2 of its levels.

You collected 93 gold pieces.

Inventory:

Hand Weapons
 a - a +0 long sword (weapon)
Armour
 b - a +0 scale mail (worn)
 c - a +0 buckler (worn)
 f - a +0 pair of gloves (worn)
 j - a +0 plate armour
Scrolls
 g - a scroll of enchant armour {unknown}
 k - a scroll of identify {unknown}
 l - a scroll of vulnerability {unknown}
 m - a scroll of acquirement {unknown}
 n - a scroll of revelation {unknown}
Potions
 d - 2 potions of might
 e - a potion of heal wounds {unknown}
 h - 2 potions of curing {unknown}
 i - 2 potions of degeneration {unknown}


   Skills:
 + Level 3.4 Fighting
 + Level 2.6 Long Blades
 + Level 3.4 Armour
 + Level 3.5 Shields


You had 3 spell levels left.
You didn't know any spells.
Your spell library contained the following spells:

 Spells                   Type           Power      Damage    Failure   Level
 Apportation              Tloc           0%         N/A       85%         1
 Necrotise                Necr           0%         1d4       85%         1
 Summon Small Mammal      Summ           0%         N/A       85%         1


Dungeon Overview and Level Annotations

Branches:
Dungeon (2/15)

Altars:

Annotations:
D:2 Jessica


Message History

Pain shoots through your body!
Jessica gestures wildly while chanting.
Jessica seems to speed up.
You barely miss Jessica. Jessica gestures at you while chanting.
Pain shoots through your body!
You barely miss Jessica. Jessica casts a spell at you.
You barely resist.
Jessica hits you with a +4 spectral club.
The +4 spectral club hits you! You block Jessica's attack.
The +4 spectral club hits you.
* * * LOW HITPOINT WARNING * * *
A +4 spectral club comes into view.
You are too injured to fight recklessly!
You are too injured to fight recklessly!
You are too injured to fight recklessly!
You are too injured to fight recklessly!
You are too injured to fight recklessly!
You are too injured to fight recklessly!
You are too injured to fight recklessly!
You are too injured to fight recklessly!
You are too injured to fight recklessly!
You are too injured to fight recklessly!
You are too injured to fight recklessly!
You are too injured to fight recklessly!
You are too injured to fight recklessly!
You are too injured to fight recklessly!
You are too injured to fight recklessly!
You are too injured to fight recklessly!
You are too injured to fight recklessly!
You are too injured to fight recklessly!
You are too injured to fight recklessly!
You are too injured to fight recklessly!
Jessica points at you and mumbles some strange words.
You resist with some effort.
The +4 spectral club disappears.
Jessica casts a spell at you. Pain shoots through your body!
You die...

..####.# ........... ..## #
#..###.# ##......(.### ...#####
##..##.## #........ ...## ...##.
##..#..# ##......# #...###.#..
##....###.......# #..##....
###.)##.......# ###.......
######.........@## #####........#
...........#..>.##.......#....#..
######..........@>..#####..#####.
.)...#............#...........##.
.##.##........#########..####..##
#.##.#...........##..)..## ##...
..#..###########.†..##### ####
#.##.###.....(...†### #
#..#..##.........##
#.##.###..........#
##.##.#..#####..#...#


You could see Jessica (fast).

Vanquished Creatures
  3 adders (D:2)
  2 endoplasms
  A giant cockroach (D:1)
  2 goblins
  2 hobgoblins
  3 quokkas
  3 ball pythons
  4 bats (D:1)
  A frilled lizard (D:1)
  6 kobolds
  3 rats
30 creatures vanquished.

Notes
Turn   | Place    | Note
-------+----------+-------------------------------------------
     0 | D:1      | Dittersdorf the Human Fighter began the quest for the Orb.
     0 | D:1      | Reached XP level 1. HP: 18/18 MP: 1/1
   124 | D:1      | Reached XP level 2. HP: 24/24 MP: 2/2
   679 | D:2      | Reached XP level 3. HP: 29/29 MP: 3/3
   903 | D:2      | Reached XP level 4. HP: 35/35 MP: 4/4
   962 | D:2      | Noticed Jessica
   969 | D:2      | Killed from afar by Jessica

Illustrated notes

Levels and vault maps discovered:
D:1:      wheals_arrival_linesprint, layout_rooms, serial_bayou,
          serial_bayou_pond_d, serial_bayou_ford_a, serial_bayou_pond_d,
          serial_bayou_shore_a
D:2:      minmay_angry_zag, layout_rooms, uniq_jessica

Action                     |  1- 3 |  4- 6 || total
---------------------------+-------+-------++-------
  Melee: Long sword        |    74 |     9 ||    83
 Armour: Scale mail        |    59 |     5 ||    64
  Dodge: Dodged            |    44 |     2 ||    46
  Block: Buckler           |    22 |     1 ||    23

Table legend: (Time is in decaauts)
 A = Elapsed time spent in this place.
 B = Non-inter-level travel time spent in this place.
 C = Inter-level travel time spent in this place.
 D = Time resting spent in this place.
 E = Time spent auto-exploring this place.
 F = Levels seen in this place.
 G = Mean time per level.
                   A        B        C        D        E       F      G
               +--------+--------+--------+--------+--------+-----+--------+
         Total |   1019 |    994 |     25 |     17 |    768 |   2 |  509.5 |
       Dungeon |   1019 |    994 |     25 |     17 |    768 |   2 |  509.5 |
               +--------+--------+--------+--------+--------+-----+--------+

Top non-repeatable levels by time:
     D:1: 715 daAuts
     D:2: 304 daAuts
